 Dungeon Crawl Stone Soup version 0.28-a0-1033-g1a2f33fa85 (webtiles) character file.

Game seed: 13089754081500278028

1677 garbled the Sneak (level 9, -5/46 HPs)
             Began as a Vine Stalker Necromancer on Dec 7, 2021.
             Was an Initiate of Sif Muna.
             Slain by an orc warrior (9 damage)
             ... on level 5 of the Dungeon.
             The game lasted 00:21:35 (5207 turns).

garbled the Sneak (Vine Stalker Necromancer)        Turns: 5207, Time: 00:21:36

Health: -5/46      AC:  9    Str:  9 (12) XL:     9   Next: 1%
Magic:  0/18       EV: 12    Int: 16 (19) God:    Sif Muna [......]
Gold:   162        SH:  0    Dex: 11 (14) Spells: 10/19 levels left

rFire   . . .      SeeInvis .   l - +0 rapier
rCold   + . .      Faith    .   (no shield)
rNeg    . . .      Spirit   +   j - +2 robe {Archmagi}
rPois   .          Reflect  .   H - +0 helmet
rElec   .          Harm     .   (no cloak)
rCorr   .          Rampage  .   t - +0 pair of gloves
Will    +....      Archmagi +   a - +2 pair of boots
Stlth   +++....... Rage     1%  (no amulet)
HPRegen 0.95/turn               f - ring of protection from cold
MPRegen 0.16/turn               I - ring of flight

@: flying
A: fangs 3, regeneration 1, magic shield, antimagic bite, no potion heal 2,
berserk 1
a: Renounce Religion


You were on level 5 of the Dungeon.
You worshipped Sif Muna.
Sif Muna was noncommittal.
You visited 1 branch of the dungeon, and saw 6 of its levels.
You also visited: Sewer.

You collected 162 gold pieces.

Inventory:

Hand Weapons
 d - a +0 dagger
 l - a +0 rapier (weapon)
 v - a +2 dagger of freezing
 K - a +0 short sword of speed
Missiles
 i - 127 stones
 q - 6 boomerangs (quivered)
Armour
 a - a +2 pair of boots (worn)
 g - a +0 leather armour of poison resistance
 j - a +2 robe of the Archmagi (worn)
 m - a +0 ring mail
 o - a +0 scale mail of fire resistance
 t - a +0 pair of gloves (worn)
 H - a +0 helmet (worn)
Magical Staves
 p - a staff of fire
Jewellery
 f - a ring of protection from cold (left hand)
 I - a ring of flight (right hand)
Scrolls
 b - a scroll of summoning {unknown}
 c - a scroll of enchant armour {unknown}
 e - 6 scrolls of identify
 h - a scroll of fear {unknown}
 k - a scroll of amnesia {unknown}
 n - 2 scrolls of enchant weapon {unknown}
 r - a scroll of brand weapon {unknown}
 s - a scroll of magic mapping {unknown}
 y - 2 scrolls of fog {unknown}
 C - a scroll of acquirement {unknown}
 E - a scroll of silence {unknown}
 G - a scroll of holy word {unknown}
 L - 2 scrolls of teleportation {unknown}
Potions
 w - 3 potions of heal wounds
 x - 4 potions of haste
 z - 2 potions of might
 F - a potion of degeneration


   Skills:
 + Level 4.9 Fighting
 - Level 1.5 Dodging
 - Level 7.0 Stealth
 + Level 5.9 Spellcasting
 + Level 6.9 Necromancy
 + Level 2.0 Invocations


You had 10 spell levels left.
You knew the following spells:

 Your Spells              Type           Power      Damage    Failure   Level
a - Pain                  Necr           100%       1d9       1%          1
b - Animate Skeleton      Necr           80%        N/A       1%          1
c - Vampiric Draining     Necr           40%        2d8       2%          3
d - Animate Dead          Necr           20%        N/A       9%          4

Your spell library contained the following spells:

 Spells                   Type           Power      Damage    Failure   Level
 Dispel Undead            Necr           40%        3d16      9%          4
 Ensorcelled Hibernation  Hex/Ice        14%        N/A       22%         2
 Static Discharge         Conj/Air       7%         N/A       22%         2
 Agony                    Necr           40%        N/A       22%         5
 Inner Flame              Hex/Fire       7%         N/A       38%         3
 Tukima's Dance           Hex            7%         N/A       38%         3
 Cause Fear               Hex            3%         N/A       80%         4
 Sticky Flame             Conj/Fire      7%         2d3       80%         4
 Discord                  Hex            3%         N/A       100%        8


Dungeon Overview and Level Annotations

Branches:
Dungeon (6/15)              Sewer (visited)
 Temple: D:4-7

Altars:
Cheibriados
Kikubaaqudgha
Nemelex Xobeh
Sif Muna

Shops:
D:5 *

Annotations:
D:3 exclusion: downstairs
D:4 exclusion: downstairs
D:5 4 runed translucent doors, Crazy Yiuf; Grinder; enile's ghost, novice DjCA


Innate Abilities, Weirdness & Mutations

You have razor-sharp teeth.
Your natural rate of healing is unusually fast.
When hurt, damage is shared between your health and your magic reserves.
Your bite disrupts and absorbs the magic of your enemies.
Potions cannot restore your health.
You tend to lose your temper in combat.


Message History

Press: ? - help, Shift-Dir - straight line, f/p - orc warrior
Aim: an orc warrior, wielding a +0 mace and wearing a +0 chain mail (moderately wounded)
You feel a surge of power!
You draw life force from the orc warrior!
You feel life coursing into your body.
Grinder blinks!
The orc warrior hits you with a +0 mace.
Unknown command.
You closely miss the orc warrior.
The orc warrior is severely wounded.
The orc warrior hits you with a +0 mace.
* * * LOW HITPOINT WARNING * * *
Unknown command.
You hit the orc warrior but do no damage.
The orc warrior is severely wounded.
The orc warrior hits you with a +0 mace!
* * * LOW HITPOINT WARNING * * *
Your orc skeleton closely misses the orc warrior.
Unknown command.
You closely miss the orc warrior. Your bite misses the orc warrior.
The orc warrior is heavily wounded.
The orc warrior hits you but does no damage.
Your orc skeleton barely misses the orc warrior.
You hit the orc warrior but do no damage.
The orc warrior is heavily wounded.
The orc warrior hits you with a +0 mace.
* * * LOW HITPOINT WARNING * * *
Your orc skeleton hits the orc warrior but does no damage.
Grinder gestures at you.
Your orc skeleton struggles to resist.
The orc warrior barely misses you.
You hit the orc warrior.
You bite the orc warrior, but do no damage.
The orc warrior is severely wounded.
Grinder blinks!
Your orc skeleton closely misses the orc warrior.
The orc warrior hits you but does no damage.
You closely miss the orc warrior.
The orc warrior is severely wounded.
The orc warrior hits you with a +0 mace!
You die...

#.# ###########....# #.ZW.Z #.#
#.....#....#†.# ###+++ #.#
#.._..####....# #.... #.#
###...## ##.#.######.... #.#
#.....# #.......)....# #.#
#..#### #########.##.# #.# #..#
##)##.# #.#
#..################...#.# #.#
#..#..Zo@.........<.#....
#.######..>§.###..8..#..##...#.#
#.....)........#.....#..###.##.#
########.......#.....#..###.##..
####..####'''##.........# #..#
#.....#..###.#..# #..#
#.....#.........# #..#
#.....#..###....# #.[#
#.....#..###.#.#.


You could see an orc warrior (ally target) and a friendly orc skeleton.

Vanquished Creatures
  Sigmund (D:4)
  Eustachio (D:4)
  Edmund (D:4)
  Duvessa (D:3)
  A centaur (D:5)
  A phantom (D:5)
  3 kobold brigands (Sewer)
  A wyvern zombie (D:5)
  3 scorpions (D:5)
  Dowan (D:3)
  A gnoll shaman (D:5)
  3 iguanas (D:5)
  Terence (D:2)
  An orc wizard (D:6)
  A mummy (D:5)
  Robin (D:4)
  5 gnolls
  A river rat (D:4)
  6 adders
  3 white imps (D:5)
  A worm (D:2)
  5 orcs
  8 ball pythons
  6 endoplasms
  5 giant cockroaches
  16 goblins
  4 hobgoblins
  12 kobolds
  8 bats
  3 frilled lizards
  A quokka skeleton (D:4)
  8 rats
114 creatures vanquished.

Vanquished Creatures (collateral kills)
  An ogre (D:5)
  A hound (D:5)
  A ball python (Sewer)
  An endoplasm (D:2)
  A hobgoblin (D:2)
  A quokka (D:2)
6 creatures vanquished.

Vanquished Creatures (others)
  2 plants (Sewer)
2 creatures vanquished.

Grand Total: 122 creatures vanquished

Notes
Turn   | Place    | Note
-------+----------+-------------------------------------------
     0 | D:1      | garbled the Vine Stalker Necromancer began the quest for
                  | the Orb.
     0 | D:1      | Reached XP level 1. HP: 9/9 MP: 4/4
    32 | D:1      | Learned a level 1 spell: Animate Skeleton
   386 | D:1      | Reached XP level 2. HP: 11/14 MP: 3/6
  1138 | D:1      | You fall into a shaft and drop 1 floor!
  1187 | D:2      | Reached skill level 3 in Stealth
  1205 | D:2      | Reached XP level 3. HP: 13/17 MP: 5/7
  1208 | D:2      | Reached skill level 1 in Fighting
  1332 | D:2      | Learned a level 3 spell: Vampiric Draining
  1956 | D:2      | Noticed Terence
  2062 | D:2      | Gained mutation: You tend to lose your temper in combat.
                  | [potion of mutation]
  2062 | D:2      | Gained mutation: Your spells are a little harder to cast,
                  | but a little more powerful. [potion of mutation]
  2062 | D:2      | Lost mutation: Your spells are a little harder to cast, but
                  | a little more powerful. [potion of mutation]
  2075 | D:2      | Killed Terence
  2076 | D:2      | Gained mutation: Your natural rate of healing is unusually
                  | fast. [Vine Stalker growth]
  2076 | D:2      | Reached XP level 4. HP: 2/22 MP: 0/9
  2751 | D:4      | Noticed Robin
  2751 | D:4      | Noticed Edmund
  2798 | D:4      | Noticed Duvessa
  2798 | D:4      | Noticed Dowan
  2798 | D:4      | Found a glowing drain.
  2818 | D:3      | Killed Duvessa
  2819 | D:3      | Reached skill level 4 in Stealth
  2819 | D:3      | Reached XP level 5. HP: 18/26 MP: 8/11
  2820 | D:3      | Killed Dowan
  2821 | D:3      | Reached skill level 5 in Necromancy
  2821 | D:3      | Reached XP level 6. HP: 20/30 MP: 8/12
  2859 | Sewer    | Entered a sewer
  2873 | Sewer    | Learned a level 4 spell: Animate Dead
  3091 | Sewer    | Reached skill level 5 in Stealth
  3098 | Sewer    | Reached XP level 7. HP: 18/36 MP: 9/14
  3414 | D:4      | Killed Edmund
  3514 | D:4      | Noticed Eustachio
  3642 | D:4      | Killed Eustachio
  3694 | D:4      | Killed Robin
  3758 | D:4      | Noticed Sigmund
  3786 | D:4      | Killed Sigmund
  3787 | D:4      | Reached skill level 6 in Stealth
  3787 | D:4      | Gained mutation: You have razor-sharp teeth. [Vine Stalker
                  | growth]
  3787 | D:4      | Reached XP level 8. HP: 29/42 MP: 9/16
  3797 | D:5      | Entered Level 5 of the Dungeon
  3891 | D:5      | Reached skill level 5 in Spellcasting
  4009 | D:5      | Found Uteeshou's Serpentskin Sales.
  4085 | D:5      | Found a sparkling altar of Nemelex Xobeh.
  4088 | D:5      | Found an ancient bone altar of Kikubaaqudgha.
  4161 | D:5      | Found a runed translucent door.
  4162 | D:5      | Noticed Crazy Yiuf
  4430 | D:5      | Found a shimmering blue altar of Sif Muna.
  4441 | D:5      | Became a worshipper of Sif Muna the Loreminder
  4464 | D:5      | Found a snail-covered altar of Cheibriados.
  4493 | D:5      | Found a runed translucent gate.
  4493 | D:5      | Found a runed translucent gate.
  4494 | D:5      | Found a runed translucent gate.
  4560 | D:5      | Noticed enile's ghost (novice DjCA)
  4584 | D:4      | Reached skill level 7 in Stealth
  4719 | D:5      | Reached skill level 1 in Invocations
  5152 | D:6      | Reached XP level 9. HP: 43/46 MP: 12/18
  5178 | D:6      | Noticed Grinder
  5205 | D:5      | HP: 1/46 [orc warrior (5)]
  5207 | D:5      | Slain by an orc warrior

Illustrated notes

Levels and vault maps discovered:
D:1:      amcnicky_arrival_choice, layout_rooms, minmay_octomino_c4
D:2:      layout_basic, uniq_terence
D:3:      layout_rooms
D:4:      layout_rooms, portal_sewer_entry_a, uniq_eustachio, uniq_sigmund,
          uniq_robin, uniq_edmund, uniq_duvessa
D:5:      layout_loops_ring, slow_altar_2, mainiacjoe_overflow_alcove_1,
          nicolae_overflow_hidden_temple, gammafunk_ghost_necromancy,
          guppyfry_shop_venom, uniq_crazy_yiuf_cottage
D:6:      minmay_spotlight, layout_rooms, nicolae_uskayaw_suspiria, tso_altar,
          uniq_grinder

Skill      XL: |  1  2  3  4  5  6  7  8  9 |
---------------+----------------------------+-----
Stealth        | 3 4 5 6 7 |  7.0
Fighting       | 1 2 3 4 |  4.9
Spellcasting   | 3 4 5 |  5.9
Necromancy     | 5 6 |  6.9
Invocations    | 1 2 |  2.0
Dodging        | |  1.5

Action                   |  1- 3 |  4- 6 |  7- 9 || total
-------------------------+-------+-------+-------++-------
Melee: Dagger            |    32 |       |    14 ||    46
       Bite              |     8 |    17 |    63 ||    88
       Rapier            |     8 |    70 |   214 ||   292
Throw: Boomerang         |     2 |       |       ||     2
 Cast: Pain              |    42 |    11 |    18 ||    71
       Animate Skeleton  |     8 |    10 |     6 ||    24
       Vampiric Draining |       |     1 |     9 ||    10
       Animate Dead      |       |     1 |     1 ||     2
  Use: Potion            |     3 |     1 |     6 ||    10
       Scroll            |       |       |     1 ||     1
 Stab: Sleeping          |     1 |     1 |     5 ||     7
       Distracted        |       |       |     2 ||     2
Armor: Leather armour    |     5 |     4 |       ||     9
       Robe              |       |    52 |   122 ||   174
Dodge: Dodged            |    37 |    95 |   168 ||   300

Table legend: (Time is in decaauts)
 A = Elapsed time spent in this place.
 B = Non-inter-level travel time spent in this place.
 C = Inter-level travel time spent in this place.
 D = Time resting spent in this place.
 E = Time spent auto-exploring this place.
 F = Levels seen in this place.
 G = Mean time per level.
                   A        B        C        D        E       F      G
               +--------+--------+--------+--------+--------+-----+--------+
         Total |   5296 |   5141 |    155 |    668 |   2639 |   7 |  756.6 |
       Dungeon |   5007 |   4852 |    155 |    668 |   2639 |   6 |  834.5 |
         Sewer |    288 |    288 |      0 |      0 |      0 |   1 |  288.0 |
               +--------+--------+--------+--------+--------+-----+--------+

Top non-repeatable levels by time:
     D:5: 1332 daAuts
     D:2: 1192 daAuts
     D:1: 1137 daAuts
     D:4: 819 daAuts
     D:3: 506 daAuts
   Sewer: 288 daAuts
     D:6: 19 daAuts
